 Dungeon Crawl Stone Soup version 0.19-a0-1905-ge8b2aad (webtiles) character file.

30 Naow the Sneak (level 3, -3/16 HPs)
             Began as a Spriggan Enchanter on Oct 21, 2016.
             Slain by a hobgoblin
             ... wielding a +0 club
              (8 damage)
             ... on level 1 of the Dungeon.
             The game lasted 00:01:30 (933 turns).

Naow the Sneak (Spriggan Enchanter)                  Turns: 933, Time: 00:01:30

Health: -3/16      AC:  3    Str:  5    XL:     3   Next: 3%
Magic:  8/8        EV: 19    Int: 16    God:
Gold:   34         SH:  0    Dex: 16    Spells: 2 memorised, 5 levels left

rFire  . . .     SeeInvis +     a - +1 dagger
rCold  . . .     Gourm    .     b - +1 robe
rNeg   . . .     Faith    .     (shield restricted)
rPois  .         Spirit   .     (helmet restricted)
rElec  .         Reflect  .     (no cloak)
rCorr  .         Harm     .     (gloves unavailable)
MR     .....                    (boots unavailable)
Stlth  +++.......               (no amulet)
                                (no ring)
                                (no ring)

@: very quick
A: unfitting armour, see invisible, herbivore 3, speed 3, slow metabolism 2
a: no special abilities


You were on level 1 of the Dungeon.
You were not hungry.

You visited 1 branch of the dungeon, and saw 1 of its levels.

You collected 34 gold pieces.

Inventory:

Hand Weapons
 a - a +1 dagger (weapon)
Armour
 b - a +1 robe (worn)
Scrolls
 f - a scroll of identify {unknown}
 i - a scroll of remove curse {unknown}
 l - a scroll of magic mapping {unknown}
 m - 2 scrolls of noise {unknown}
Potions
 e - a potion of flight {unknown}
 g - a potion of beneficial mutation {unknown}
 h - 2 potions of cancellation {unknown}
 j - 3 potions of heal wounds {unknown}
 k - a potion of mutation {unknown}
 n - a potion of degeneration {unknown}
Books
 c - a book of Maledictions

   Spells                             Type                      Level
   a - Corona                         Hexes                        1
   b - Ensorcelled Hibernation        Hexes/Ice                    2
   c - Confuse                        Hexes                        3
   d - Tukima's Dance                 Hexes                        3
   e - Dazzling Spray                 Conjuration/Hexes            3
Comestibles
 d - 3 bread rations


   Skills:
 + Level 1.8 Short Blades
 + Level 3.5 Dodging
 + Level 4.8 Stealth
 + Level 3.2 Spellcasting
 + Level 3.8 Hexes


You had 5 spell levels left.
You knew the following spells:

 Your Spells              Type           Power        Failure   Level  Hunger
a - Corona                Hex            ##.....      4%          1    None
b - Ensorcelled Hibernat  Hex/Ice        #.....       14%         2    ##.....


Dungeon Overview and Level Annotations

Branches:
Dungeon (1/15)

Altars:


Innate Abilities, Weirdness & Mutations

You are very small and have problems with some larger weapons.
You are too small for most types of armour.
You have supernaturally acute eyesight. (SInv)
You are a herbivore.
You cover ground extremely quickly.
You need consume almost no food.


Message History

The hobgoblin misses you.
You completely miss the hobgoblin.
The hobgoblin is heavily wounded.
You closely miss the hobgoblin.
The hobgoblin is heavily wounded.
The hobgoblin completely misses you.
You hit the hobgoblin but do no damage.
The hobgoblin is heavily wounded.
The hobgoblin hits you with a club.
You hit the hobgoblin but do no damage.
The hobgoblin is heavily wounded.
The hobgoblin completely misses you.
You closely miss the hobgoblin.
The hobgoblin is heavily wounded.
The hobgoblin hits you with a club.
You closely miss the hobgoblin.
The hobgoblin is heavily wounded.
The hobgoblin hits you with a club!
Ouch! That really hurt!
You die...

### #.# #$# ##.## #.# #.#
.... #.# #.. #... #.# #.#
#... #.# #.# #... #.# #.#
#... #.# #g# #..) #.#### #@#
###... #....# #.# .#.#.#...##
#.##.# #.###............#
####.##.####........ . #...
#................... ..###..#
##.#.#####.#......#>.(.......
#.................#..#.####.#
#....[................ ####.#
##.#.###.............. ......


You could see a hobgoblin.

Vanquished Creatures
  A dart slug (D:1)
  A leopard gecko (D:1)
  3 bats (D:1)
  2 goblins (D:1)
  3 hobgoblins (D:1)
  6 jackals (D:1)
  2 kobolds (D:1)
  3 frilled lizards (D:1)
  3 rats (D:1)
24 creatures vanquished.

Notes
Turn   | Place    | Note
-------+----------+-------------------------------------------
     0 | D:1      | Naow the Spriggan Enchanter began the quest for the Orb.
     0 | D:1      | Reached XP level 1. HP: 9/9 MP: 5/5
   247 | D:1      | Reached XP level 2. HP: 8/13 MP: 7/7
   251 | D:1      | Learned a level 2 spell: Ensorcelled Hibernation
   897 | D:1      | Reached XP level 3. HP: 16/16 MP: 8/8
   933 | D:1      | Slain by a hobgoblin

Vault maps used:
D:1:      dpeg_arrival_brainrot

Skill      XL: |  1 |
---------------+----+-----
Spellcasting   | 3 |  3.2
Short Blades   | |  1.8
Dodging        | |  3.5
Stealth        | |  4.8
Hexes          | |  3.8

Action                   || total
-------------------------++-------
Melee: Dagger            ||   104
 Cast: Ensorcelled Hiber ||     2
 Stab: Sleeping          ||     9
Armor: Robe              ||    19
Dodge: Dodged            ||    65
